 Dungeon Crawl Stone Soup version 0.22-a0-782-g038298e (webtiles) character file.

986 Hebeh the Conjurer (level 7, -1/36 HPs)
             Began as a Deep Elf Conjurer on July 19, 2018.
             Was an Initiate of Vehumet.
             Slain by a wight
             ... wielding a cursed +0 short sword
              (4 damage)
             ... on level 6 of the Dungeon.
             The game lasted 00:37:49 (8030 turns).

Hebeh the Conjurer (Deep Elf Conjurer)              Turns: 8030, Time: 00:37:49

Health: -1/36      AC:  9    Str:  5    XL:     7   Next: 97%
Magic:  0/19       EV: 13    Int: 22    God:    Vehumet [......]
Gold:   322        SH:  0    Dex: 15    Spells: 1/20 levels left

rFire    + . .     SeeInvis .   a - +2 flail (drain)
rCold    x . .     Gourm    .   (no shield)
rNeg     . . .     Faith    .   i - +0 robe
rPois    +         Spirit   .   d - +2 helmet
rElec    .         Reflect  .   p - +0 cloak
rCorr    .         Harm     .   l - +1 pair of gloves
MR       .....                  E - +0 pair of boots (curse)
Stlth    ++........             (no amulet)
HPRegen  0.12/turn              u - ring of fire
MPRegen  0.16/turn              v - ring of poison resistance

@: drained
A: no striking features
a: Renounce Religion


You were on level 6 of the Dungeon.
You worshipped Vehumet.
Vehumet was noncommittal.
You were hungry.

You visited 2 branches of the dungeon, and saw 8 of its levels.

You collected 322 gold pieces.

Inventory:

Hand Weapons
 a - a +2 flail of draining (weapon)
 b - a +0 hunting sling of freezing
Missiles
 j - 63 arrows
 z - 80 sling bullets
Armour
 d - a +2 helmet (worn)
 i - a +0 robe (worn)
 l - a +1 pair of gloves (worn)
 p - a +0 cloak (worn)
 E - a cursed +0 pair of boots (worn)
Jewellery
 u - a ring of fire (left hand)
 v - a ring of poison resistance (right hand)
 w - an uncursed ring of ice
Wands
 x - a wand of flame (8)
 A - a wand of polymorph (11)
Scrolls
 e - a scroll of identify
 g - 2 scrolls of teleportation
 h - 7 scrolls of remove curse
 m - 2 scrolls of amnesia
 y - a scroll of immolation
Potions
 f - 5 potions of curing
 o - a potion of brilliance
 q - a potion of flight
 r - a potion of ambrosia
 s - 2 potions of resistance
 t - a potion of invisibility
 D - a potion of cancellation
Comestibles
 c - 12 rations


   Skills:
 + Level 3.2(2.1) Dodging
 - Level 2.4(1.4) Stealth
 * Level 7.2(6.0) Spellcasting
 * Level 7.7(6.5) Conjurations
 * Level 3.5(2.5) Translocations
 * Level 3.1(2.1) Fire Magic


You had one spell level left.
You knew the following spells:

 Your Spells              Type           Power        Failure   Level  Hunger
a - Magic Dart            Conj           ####         1%          1    None
b - Iskenderun's Mystic   Conj           #####...     6%          4    ###....
c - Searing Ray           Conj           #####.       1%          2    None
d - Force Lance           Conj/Tloc      ####....     14%         4    ###....
e - Conjure Flame         Conj/Fire      #####...     4%          3    #......
f - Mephitic Cloud        Conj/Pois/Air  ###.....     11%         3    #......
j - Blink                 Tloc           N/A          4%          2    None

Your spell library contained the following spells:

 Spells                   Type           Power        Failure   Level  Hunger
 Slow                     Hex            #.......     14%         2    None
 Call Imp                 Summ           #.......     14%         2    None
 Fulminant Prism          Conj/Hex       ###.......   24%         4    ###....
 Dazzling Spray           Conj/Hex       ###...       7%          3    #......


Dungeon Overview and Level Annotations

Branches:
Dungeon (7/15)             Temple (1/1) D:6

Altars:
Ashenzari
Cheibriados
Dithmenos
Elyvilon
Fedhas
Gozag
Hepliaklqana
Kikubaaqudgha
Nemelex Xobeh
Okawaru
Qazlal
Sif Muna
Trog
Uskayaw
Vehumet
Wu Jian
Xom
Yredelemnul
Zin
The Shining One


Message History

Press: ? - help, Shift-Dir - straight line, f/p - wight
Aim: a wight, wielding a short sword and wearing a robe (severely damaged)
The magic dart hits the wight.
The wight is severely damaged.
The wight hits you with a short sword!
* * * LOW HITPOINT WARNING * * *
You feel drained.
* * * LOW HITPOINT WARNING * * *
The wight hits you with a short sword of freezing.
* * * LOW HITPOINT WARNING * * *
You feel drained. The wight freezes you.
* * * LOW HITPOINT WARNING * * *
You closely miss the wight.
The wight is severely damaged.
The wight hits you but does no damage. The wight barely misses you.
You closely miss the wight.
The wight is severely damaged.
The wight misses you. The wight closely misses you.
The wight hits you with a short sword.
You die...

#....(.......#...#.#
#....##.##.#.#.###.###
#.....#....#.....#...#
#.#...####.....#.#.#.#
#.#...#.######.#.###..
#.#...#........#.#####
#.#...#.########.#....
#.#.z.#..........#.##.
#.#.z@############.###
#...### #.# ##### #.#
###.# #...# #####.###
#.....# ###### #.#####
#....# #.#


You could see 2 wights.

Vanquished Creatures
  Prince Ribbit (D:6)
  Eustachio (D:6)
  An ogre (D:5)
  A scorpion (D:4)
  2 wights (D:7)
  A hound (D:4)
  A jelly (D:6)
  A bullfrog skeleton (D:2)
  Ijyb (D:3)
  2 iguanas
  A worker ant (D:4)
  3 gnolls (D:6)
  10 adders
  A shadow imp (D:3)
  An ooze (D:4)
  A worm (D:5)
  4 dart slugs
  2 leopard geckos
  7 orcs
  A ball python (D:2)
  7 bats
  6 giant cockroaches
  4 goblins
  7 hobgoblins
  7 jackals
  4 quokkas
  5 frilled lizards
  A jackal skeleton (D:4)
  11 kobolds
  A quokka skeleton (D:5)
  28 rats
124 creatures vanquished.

Notes
Turn   | Place    | Note
-------+----------+-------------------------------------------
     0 | D:1      | Hebeh the Deep Elf Conjurer began the quest for the Orb.
     0 | D:1      | Reached XP level 1. HP: 10/10 MP: 6/6
   343 | D:1      | Reached XP level 2. HP: 15/15 MP: 6/8
   632 | D:1      | Reached skill level 5 in Conjurations
   941 | D:1      | Found a shattered altar of Ashenzari.
   979 | D:1      | You fall through a shaft!
   988 | D:2      | Reached XP level 3. HP: 7/19 MP: 0/10
  1190 | D:2      | Learned a level 2 spell: Searing Ray
  1645 | D:2      | Reached XP level 4. HP: 24/24 MP: 7/12
  1686 | D:2      | Learned a level 4 spell: Iskenderun's Mystic Blast
  1691 | D:2      | Learned a level 4 spell: Force Lance
  1699 | D:2      | Found a blossoming altar of Fedhas.
  3097 | D:3      | Reached XP level 5. HP: 28/28 MP: 8/14
  3181 | D:3      | Found a shimmering altar of Xom.
  3184 | D:3      | Found a hazy altar of Hepliaklqana.
  3184 | D:3      | Noticed an insubstantial wisp
  3185 | D:3      | Noticed a spectral ugly thing
  3185 | D:3      | Noticed an insubstantial wisp
  3209 | D:3      | Noticed Ijyb
  3237 | D:3      | Killed Ijyb
  3237 | D:3      | Reached skill level 5 in Spellcasting
  3373 | D:3      | Reached skill level 1 in Translocations
  3980 | D:4      | Learned a level 3 spell: Conjure Flame
  4051 | D:4      | Reached XP level 6. HP: 32/32 MP: 11/16
  4170 | D:4      | Got a steaming spear
  4515 | D:4      | Reached skill level 1 in Fire Magic
  5027 | D:5      | Entered Level 5 of the Dungeon
  5043 | D:5      | Got a crude trident
  5082 | D:5      | Identified the +3 trident of Earthquakes {freeze, *Slow +Blink Int+2 Dex+2} (You found it on level 5 of the Dungeon)
  5123 | D:5      | Identified the +3 spear of Cheibriados's Reproof {freeze, *Corrode rN+++ Dex-5 Stlth+} (You found it on level 4 of the Dungeon)
  6217 | D:6      | Noticed Prince Ribbit
  6223 | D:6      | Killed Prince Ribbit
  6223 | D:6      | Reached XP level 7. HP: 23/36 MP: 0/19
  6341 | D:6      | Found a staircase to the Ecumenical Temple.
  6346 | D:6      | Noticed Eustachio
  6351 | D:6      | Killed Eustachio
  6370 | Temple   | Entered the Ecumenical Temple
  6811 | D:6      | Found an ancient bone altar of Kikubaaqudgha.
  6812 | D:6      | Found a sparkling altar of Nemelex Xobeh.
  6813 | D:6      | Found a radiant altar of Vehumet.
  6813 | D:6      | Found an iron altar of Okawaru.
  6814 | D:6      | Found a hide-covered altar of Uskayaw.
  6814 | D:6      | Found an ornate altar of the Wu Jian Council.
  6825 | D:6      | Became a worshipper of Vehumet
  6884 | D:6      | Found a white marble altar of Elyvilon.
  7221 | D:6      | Got a shimmering spear
  7222 | D:6      | Identified the +8 spear of Doubt {distort, Fragile +Blink rElec} (You found it on level 6 of the Dungeon)
  7561 | D:6      | Found a basalt altar of Yredelemnul.
  8006 | D:6      | Learned a level 3 spell: Mephitic Cloud
  8009 | D:6      | Learned a level 2 spell: Blink
  8030 | D:6      | Slain by a wight

Vault maps used:
D:1:      matt_arrival_spirals, nicolae_ashenzari_panopticon
D:2:      lemuel_round_altar, item_on_display_a
D:3:      regret_index_temple_of_mockery, minmay_rat_hole, uniq_ijyb
D:5:      first_ration, small_statue_intersection
D:6:      kennysheep_ying_yang, grunt_temple_overflow_open,
          minmay_temple_entry_large_hall, uniq_eustachio, uniq_prince_ribbit1
D:7:      serial_shops, nicolae_shop_crystal, minmay_misc_feat_rugged
Temple:   compressed_dpeg_triangle_lava_temple

Skill      XL: |  1  2  3  4  5  6  7 |
---------------+----------------------+-----
Conjurations   | 5 6 7 |  7.7
Spellcasting   | 4 5 6 7 |  7.2
Translocations | 1 2 3 |  3.5
Fire Magic     | 2 3 |  3.1
Dodging        | 3 |  3.2
Stealth        | |  2.4

Action                   |  1- 3 |  4- 6 |  7- 9 || total
-------------------------+-------+-------+-------++-------
Melee: Short sword       |     1 |       |       ||     1
       Dagger            |       |    14 |       ||    14
       Unarmed           |       |     1 |       ||     1
       Flail             |       |       |     8 ||     8
 Cast: Magic Dart        |    63 |   135 |    28 ||   226
       Searing Ray       |       |     8 |     1 ||     9
       Iskenderun's Myst |       |    11 |    11 ||    22
  Use: Scroll            |       |    14 |     3 ||    17
  Eat: Ration            |     1 |     1 |     1 ||     3
       Chunk             |       |    11 |     2 ||    13
Armor: Robe              |     1 |    14 |    13 ||    28
       Skin              |       |     2 |       ||     2
Dodge: Dodged            |     9 |    53 |    17 ||    79

Table legend:
 A = Spawn XP
 B = Non-spawn XP
 C = Spawn XP percentage of total XP
 D = Spawn monster count
 E = Non-spawn monster count
 F = Spawn count percentage of total count
 G = Total turns spent on level
                    A         B        C        D         E        F      G
               +---------+---------+-------+---------+---------+-------+---------
         Total |       0 |    1409 |   0.0 |       0 |     124 |   0.0 |  8030
               +---------+---------+-------+---------+---------+-------+---------
           D:1 |       0 |      43 |   0.0 |       0 |      22 |   0.0 |  1330
           D:2 |       0 |     114 |   0.0 |       0 |      26 |   0.0 |  1206
           D:3 |       0 |     136 |   0.0 |       0 |      39 |   0.0 |  1316
           D:4 |       0 |     210 |   0.0 |       0 |      10 |   0.0 |  1208
           D:5 |       0 |     194 |   0.0 |       0 |       9 |   0.0 |  1084
           D:6 |       0 |     593 |   0.0 |       0 |      15 |   0.0 |  1503
           D:7 |       0 |     119 |   0.0 |       0 |       3 |   0.0 |     9
               +---------+---------+-------+---------+---------+-------+---------
